 Dungeon Sprint DCSS version 0.30-a0-728-gc68057be0a (webtiles) character file.

Game seed: 12555489215562942272

50985 rocky1 the Slayer (level 14, -18/183 HPs)
             Began as an Ogre Gladiator on Jan 31, 2023.
             Was the Champion of Cheibriados.
             Killed from afar by a fire giant (illusionary) (40 damage)
             ... with a bolt of fire
             ... in the Dungeon (Sprint VII: "The Pits").
             The game lasted 00:25:29 (3963 turns).

rocky1 the Slayer (Ogre Gladiator)                  Turns: 3963, Time: 00:25:30

Health: -18/183    AC: 13    Str: 43    XL:     14   Next: 57%
Magic:  18/31      EV: 20    Int: 24    God:    Cheibriados [******]
Gold:   46         SH:  0    Dex: 25    Spells: 40/40 levels left

rFire   . . .      SeeInvis .    L - +7 giant spiked club (freeze)
rCold   + . .      Faith    .    (shield currently unavailable)
rNeg    . . .      Spirit   .    v - +4 troll leather armour
rPois   .          Reflect  .    c - +2 hat
rElec   .          Harm     .    a - +0 cloak
rCorr   .          Rampage  .    (gloves unavailable)
Will    +....      NoTele   +    (boots unavailable)
Stlth   ++                       (no amulet)
HPRegen 1.30/turn                k - +3 ring of strength
MPRegen 0.22/turn                w - ring of protection from cold

@: lethally poisoned (-18 -> -30), mesmerised, invisible, very slow
A: large, unfitting armour, tough skin 1
a: Renounce Religion, Bend Time, Temporal Distortion, Slouch, Step From Time


You were in the Dungeon.
You worshipped Cheibriados.
Cheibriados was exalted by your worship.
You visited 1 branch You collected 46 gold pieces.

Inventory:

Hand Weapons
 d - a +2 heavy battleaxe
 t - a +3 heavy dire flail
 y - a +0 giant spiked club
 L - a +7 giant spiked club of freezing (weapon)
 M - the +10 arbalest of Abuse {penet, Fragile Int+6}
   (You found it in the Dungeon)

   Int:       It affects your intelligence (+6).
   Fragile:   It will be destroyed if unequipped.
Missiles
 e - 4 large rocks (quivered)
 u - a throwing net
 J - 4 javelins
 K - 3 boomerangs
Armour
 a - a +0 cloak (worn)
 c - a +2 hat (worn)
 v - a +4 troll leather armour (worn)
 N - +2 gold dragon scales
 O - a +1 robe of fire resistance
 P - +2 swamp dragon scales
Jewellery
 b - a ring of ice
 k - a +3 ring of strength (left hand)
 o - the amulet of Hoacy {Acrobat rF- Will+ Str+6 Int+4}
   (You found it in the Dungeon)

   [amulet of the acrobat]

   It increases your evasion while moving and waiting.
   Str:       It affects your strength (+6).
   Int:       It affects your intelligence (+4).
   rF:        It makes you vulnerable to fire.
   Will:      It increases your willpower.
 p - a +3 ring of intelligence
 w - a ring of protection from cold (right hand)
 C - an amulet of magic regeneration
 G - the ring of Shadows {Umbra +Inv Stlth+}
   (You found it in the Dungeon)

   [ring of stealth]

   Umbra:     It surrounds you with an aura of shadow, increasing your stealth
   and reducing the accuracy of all others within it.
   +Inv:      It lets you turn invisible.
   Stlth:     It makes you more stealthy.
Scrolls
 m - 5 scrolls of amnesia
 B - a scroll of blinking
 E - 3 scrolls of identify
 F - a scroll of fear
Potions
 f - 5 potions of curing
 g - a potion of heal wounds
 h - 2 potions of haste
 i - 3 potions of magic
 j - 3 potions of berserk rage
 l - a potion of invisibility
 q - 2 potions of might
 r - 5 potions of brilliance
 s - 2 potions of mutation
 x - a potion of flight
 A - a potion of ambrosia
 H - a potion of attraction
Miscellaneous
 I - a phial of floods


   Skills:
 + Level 22.6 Fighting
 * Level 22.5 Maces & Flails
 + Level 12.6 Throwing
 + Level 8.4 Armour
 + Level 12.7 Dodging
 + Level 13.5 Spellcasting
 - Level 14.2 Invocations


You had 40 spell levels left.
You didn't know any spells.
Your spell library contained the following spells:

 Spells                   Type           Power      Damage    Failure   Level
 Shock                    Conj/Air       64%        1d7       4%          1
 Ensorcelled Hibernation  Hex/Ice        32%        N/A       6%          2
 Spider Form              Tmut/Pois      16%        N/A       12%         3
 Swiftness                Air            16%        N/A       12%         3
 Airstrike                Air            8%         2d(2-18)  36%         4
 Anguish                  Hex/Necr       8%         N/A       36%         4


Dungeon Overview and Level Annotations

Branches:
Dungeon (1/1)

Altars:
Ashenzari
Cheibriados
Dithmenos
Elyvilon
Fedhas
Gozag
Hepliaklqana
Kikubaaqudgha
Makhleb
Nemelex Xobeh
Okawaru
Qazlal
Ru
Sif Muna
Trog
Uskayaw
Vehumet
Wu Jian
Xom
Yredelemnul
Zin
The Shining One
Jiyva
Lugonu

Annotations:
D Nikola


Innate Abilities, Weirdness & Mutations

You are too large for most types of armour.
You have tough skin. (AC +1)


Message History

You feel very sick.
The purple draconian seems to regain its courage.
The merfolk completely misses you. The merfolk impaler misses you.
The merfolk hits you but does no damage.
You are more poisoned.
The merfolk impaler closely misses you.
Activating: Slouch (0% risk of failure)
Press: ? - help, Dir - look around, f - activate You can feel time thicken for a moment.
You kill the deep troll!
Cheibriados thoroughly appreciates the change of pace.
You kill the merfolk!
Cheibriados thoroughly appreciates the change of pace.
You kill the ice devil!
Cheibriados appreciates the change of pace.
You kill the orc knight!
Cheibriados appreciates the change of pace.
* * * LOW HITPOINT WARNING * * *
You feel very sick. The merfolk closely misses you.
The merfolk impaler misses you.
The soul eater hits you but does no damage.
The fire giant points at you and mumbles some strange words.
The bolt of fire misses you.
Nikola says, "You don't look like a good insulator."
The merfolk impaler misses you.
Unknown command.
You feel much better.
You feel very sick.
The merfolk impaler hits you from afar with a +3 trident of venom.
* * * LOW HITPOINT WARNING * * *
You are more poisoned.
The blizzard demon completely misses you.
The blizzard demon hits you!
* * * LOW HITPOINT WARNING * * *
The soul eater draws from the surrounding life force!
* * * LOW HITPOINT WARNING * * *
The soul eater is healed.
The fire giant casts a spell at you. The bolt of fire hits you!!!
You die...

..#...#......# ..... ..†...#
.... ......# #C.. ..... ..
#..)##)..### ...)#.#..#)#..#
)..2mm(2......# #@@#.#..#
#R)3##...########++##
#.)m#......##........
..d..#......##........
.......#......)'..#....#
...#...#......['........
################........
######################..#....#
....................++........


You could see Nikola, a purple draconian (unable to see you), a fire giant, a
merfolk avatar (mesmerising, unable to see you), a merfolk impaler (unable to
see you), a green death, a blizzard demon, a rakshasa, a soul eater and a
merfolk (unable to see you).

Vanquished Creatures
  A death cob (D)
  A sphinx (D)
  A nagaraja (D)
  2 fire giants (D)
  An emperor scorpion (D)
  A balrug (D)
  Louise (D)
  A draconian annihilator (D)
  2 orc warlords (D)
  2 eidola (D)
  Snorg (D)
  A blizzard demon (D)
  2 yaktaur captains (D)
  2 vault guards (D)
  An ogre mage (D)
  A spriggan air mage (D)
  A death knight (D)
  2 two-headed ogres (D)
  A merfolk aquamancer (D)
  A death yak (D)
  A naga warrior (D)
  A spriggan berserker (D)
  Urug (D)
  4 hell hogs (D)
  A sun demon (D)
  3 deep elf knights (D)
  A fire crab (D)
  A shadow wraith (D)
  A flayed ghost (D)
  A sea snake (D)
  2 deep trolls (D)
  A bog body (D)
  A phantasmal warrior (D)
  A deep troll (shapeshifter) (D)
  2 lindwurms (D)
  A wizard (D)
  12 orc knights (D)
  A deep elf pyromancer (D)
  A wolf spider (D)
  A cyclops (D)
  2 orc sorcerers (D)
  An ugly thing (D)
  3 elephants (D)
  2 rust devils (D)
  A molten gargoyle (D)
  2 smoke demons (D)
  2 kobold demonologists (D)
  A rime drake (D)
  A komodo dragon (D)
  2 yaktaurs (D)
  2 ice devils (D)
  A tyrant leech (D)
  A wind drake (D)
  2 merfolk (D)
  2 tarantellas (D)
  A jumping spider (D)
  A shadow (D)
  A fire bat (D)
  A flying skull (D)
  2 vampires (D)
  2 ynoxinuls (D)
  A small abomination (D)
  A wraith (D)
  6 water elementals (D)
  4 yaks (D)
  4 redbacks (D)
  A neqoxec (D)
  A basilisk (D)
  4 vampire mosquitoes (D)
  A fire elemental (D)
  A steam dragon (D)
  An acid dragon (D)
  A floating eye (D)
  3 orc warriors (D)
  A sky beast (D)
  2 swamp drakes (D)
  4 ogres (D)
  A wolf (D)
  A centaur (D)
  2 bullfrogs (D)
  2 earth elementals (D)
  A scorpion (D)
  A quasit (D)
  A hound (D)
  A gnoll bouda (D)
  4 orc priests (D)
  An iguana (D)
  2 orc wizards (D)
  A hell rat (D)
  2 mummies (D)
  6 gnolls (D)
  A river rat (D)
  A white imp (D)
  An ufetubus (D)
  An adder skeleton (D)
  A worm (D)
  7 orcs (D)
  A giant cockroach (D)
  A hobgoblin (D)
  2 jackals (D)
  A kobold (D)
  A quokka (D)
  A ball python (D)
  A ball python simulacrum (D)
  A ball python skeleton (D)
  A frilled lizard (D)
  A jackal zombie (D)
  A quokka skeleton (D)
183 creatures vanquished.

Vanquished Creatures (others)
  A bat (D)
1 creature vanquished.

Grand Total: 184 creatures vanquished

Notes
Turn   | Place    | Note
-------+----------+-------------------------------------------
     0 | D        | rocky1 the Ogre Gladiator began the quest for the Orb.
     0 | D        | Reached XP level 1. HP: 22/22 MP: 1/1
    15 | D        | Reached XP level 2. HP: 28/32 MP: 2/2
    39 | D        | Found a bloodstained altar of Trog.
    39 | D        | Found a shimmering blue altar of Sif Muna.
    39 | D        | Found a viscous altar of Jiyva.
    39 | D        | Found a hazy altar of Hepliaklqana.
    39 | D        | Found an opulent altar of Gozag.
    40 | D        | Found a glowing golden altar of the Shining One.
    40 | D        | Found a glowing silver altar of Zin.
    40 | D        | Found a basalt altar of Yredelemnul.
    40 | D        | Found a shimmering altar of Xom.
    40 | D        | Found an ornate altar of the Wu Jian Council.
    40 | D        | Found a sacrificial altar of Ru.
    40 | D        | Found a stormy altar of Qazlal.
    40 | D        | Found an iron altar of Okawaru.
    40 | D        | Found a sparkling altar of Nemelex Xobeh.
    40 | D        | Found a burning altar of Makhleb.
    40 | D        | Found a blossoming altar of Fedhas.
    40 | D        | Found a white marble altar of Elyvilon.
    40 | D        | Found a shadowy altar of Dithmenos.
    40 | D        | Found a snail-covered altar of Cheibriados.
    43 | D        | Found a corrupted altar of Lugonu.
    43 | D        | Found a radiant altar of Vehumet.
    44 | D        | Found an ancient bone altar of Kikubaaqudgha.
    44 | D        | Found a hide-covered altar of Uskayaw.
    44 | D        | Found a broken altar of Ashenzari.
    51 | D        | Became a worshipper of Cheibriados the Contemplative
    80 | D        | Noticed a scorpion
    91 | D        | Killed a scorpion
    91 | D        | Reached * piety under Cheibriados
    92 | D        | Reached skill level 5 in Fighting
    92 | D        | Reached skill level 5 in Maces & Flails
    92 | D        | Reached XP level 3. HP: 33/42 MP: 2/5
    92 | D        | Reached XP level 4. HP: 40/50 MP: 2/6
   155 | D        | Reached ** piety under Cheibriados
   221 | D        | Noticed a bullfrog
   228 | D        | Killed a bullfrog
   228 | D        | Reached *** piety under Cheibriados
   229 | D        | Reached skill level 5 in Dodging
   229 | D        | Reached XP level 5. HP: 61/61 MP: 6/8
   251 | D        | Noticed a sky beast
   263 | D        | Noticed an ogre
   274 | D        | Killed an ogre
   275 | D        | Reached skill level 5 in Invocations
   275 | D        | Reached XP level 6. HP: 36/72 MP: 8/10
   278 | D        | Killed a sky beast
   278 | D        | Reached **** piety under Cheibriados
   471 | D        | Noticed a redback
   472 | D        | Killed a redback
   472 | D        | Reached ***** piety under Cheibriados
   473 | D        | Reached XP level 7. HP: 74/83 MP: 5/12
   500 | D        | Noticed a flying skull
   509 | D        | Killed a flying skull
   510 | D        | Reached skill level 10 in Fighting
   510 | D        | Reached skill level 10 in Maces & Flails
   562 | D        | Noticed a yak
   562 | D        | Noticed a yak
   562 | D        | Noticed a yak
   562 | D        | Noticed a yak
   565 | D        | Reached XP level 8. HP: 94/94 MP: 7/13
   565 | D        | Killed a yak
   565 | D        | Killed a yak
   565 | D        | Killed a yak
   565 | D        | Reached ****** piety under Cheibriados
   568 | D        | Killed a yak
   747 | D        | Noticed a smoke demon
   748 | D        | Noticed an elephant
   755 | D        | Killed a smoke demon
   756 | D        | Reached XP level 9. HP: 25/106 MP: 4/16
   757 | D        | Killed an elephant
   898 | D        | Reached skill level 10 in Invocations
  1037 | D        | Noticed a komodo dragon
  1039 | D        | Noticed a kobold demonologist
  1043 | D        | Killed a kobold demonologist
  1044 | D        | Killed a komodo dragon
  1091 | D        | Noticed a white ugly thing
  1093 | D        | Noticed a flayed ghost
  1098 | D        | Killed a flayed ghost
  1099 | D        | Reached XP level 10. HP: 122/122 MP: 12/18
  1102 | D        | Killed a white ugly thing
  1211 | D        | Noticed a sea snake
  1211 | D        | Noticed a deep elf pyromancer
  1221 | D        | Killed a deep elf pyromancer
  1227 | D        | Killed a sea snake
  1228 | D        | Reached skill level 15 in Fighting
  1228 | D        | Reached skill level 15 in Maces & Flails
  1667 | D        | Noticed a deep troll
  1671 | D        | Killed a deep troll
  1672 | D        | Noticed an orc knight
  1682 | D        | Killed an orc knight
  1683 | D        | Reached XP level 11. HP: 42/135 MP: 9/20
  1911 | D        | Noticed an orc sorcerer
  1920 | D        | Killed an orc sorcerer
  1961 | D        | Noticed a wizard
  1969 | D        | Killed a wizard
  2022 | D        | Noticed a lindwurm
  2028 | D        | Noticed a soul eater
  2031 | D        | Killed a lindwurm
  2091 | D        | Noticed a cyclops
  2093 | D        | Killed a cyclops
  2131 | D        | Noticed a lindwurm
  2133 | D        | Killed a lindwurm
  2134 | D        | Reached skill level 1 in Spellcasting
  2194 | D        | Noticed a death yak
  2194 | D        | Noticed a hell hog
  2194 | D        | Noticed a hell hog
  2194 | D        | Noticed a hell hog
  2194 | D        | Noticed a hell hog
  2197 | D        | Killed a hell hog
  2197 | D        | Killed a hell hog
  2197 | D        | Killed a hell hog
  2198 | D        | Reached skill level 5 in Throwing
  2201 | D        | Killed a hell hog
  2202 | D        | Reached skill level 5 in Spellcasting
  2202 | D        | Killed a death yak
  2203 | D        | Reached XP level 12. HP: 97/152 MP: 12/22
  2279 | D        | HP: 7/152 [something (20)]
  2439 | D        | Found the +3 salamander hide armour {Flames, rFlCloud rF++
                  | rC--}
  2682 | D        | Noticed a sphinx
  2682 | D        | Noticed a fire giant
  2682 | D        | Noticed a yellow draconian annihilator
  2685 | D        | Killed a sphinx
  2687 | D        | Killed a fire giant
  2695 | D        | Killed a yellow draconian annihilator
  2785 | D        | Got the amulet of Hoacy {Acrobat rF- Will+ Str+6 Int+4}
  2930 | D        | Found the ring of Shadows {Umbra +Inv Stlth+}
  2930 | D        | Noticed an emperor scorpion
  2930 | D        | Noticed a two-headed ogre
  2930 | D        | Noticed a blizzard demon
  2931 | D        | Noticed a fire giant
  2932 | D        | Noticed an eidolon
  2933 | D        | Killed a two-headed ogre
  2934 | D        | Reached skill level 1 in Armour
  2935 | D        | Killed a fire giant
  2935 | D        | Noticed a two-headed ogre
  2937 | D        | Killed a blizzard demon
  2939 | D        | Identified the +3 leather armour of Paco {Str+2}
  2940 | D        | Killed a two-headed ogre
  2940 | D        | Noticed an ogre mage
  2941 | D        | Reached XP level 13. HP: 144/165 MP: 5/26
  2973 | D        | Killed an eidolon
  2974 | D        | Reached skill level 10 in Dodging
  2978 | D        | Killed an emperor scorpion
  2979 | D        | Reached skill level 10 in Spellcasting
  2987 | D        | Noticed Urug
  2992 | D        | Killed Urug
  3184 | D        | Noticed an orc warlord
  3184 | D        | Noticed an orc warlord
  3194 | D        | Reached skill level 10 in Throwing
  3198 | D        | Killed an orc warlord
  3199 | D        | Reached skill level 5 in Armour
  3211 | D        | Killed an orc warlord
  3358 | D        | Noticed a vault guard
  3364 | D        | Killed a vault guard
  3368 | D        | Noticed a yaktaur captain
  3369 | D        | Noticed a death cob
  3371 | D        | Killed a death cob
  3376 | D        | Killed a yaktaur captain
  3380 | D        | Reached XP level 14. HP: 133/179 MP: 10/30
  3558 | D        | Got the +10 arbalest of Abuse {penet, Fragile Int+6}
  3799 | D        | Noticed Snorg
  3799 | D        | Noticed a nagaraja
  3811 | D        | Killed Snorg
  3813 | D        | Noticed Louise
  3814 | D        | Killed a nagaraja
  3828 | D        | Killed Louise
  3943 | D        | Noticed a balrug
  3947 | D        | Killed a balrug
  3952 | D        | Noticed Nikola
  3952 | D        | Noticed a purple draconian
  3959 | D        | Noticed a fire giant
  3963 | D        | Killed from afar by a fire giant (illusionary)

Illustrated notes

Levels and vault maps discovered:
D:        pitsprint [storerooms_1, entrance_room_1, metal_vault_5, armoury_2,
          mini_pit_1, grid_room_1, main_hall_1, silver_pit, the_coven_3,
          the_vestibule_1, steel_vault_4, golden_pit, hallway_of_sentries,
          crystal_vault_4, iron_vault_5, final_vault]

Skill      XL: |  1  2  3  4  5  6  7  8  9 10 11 12 13 14 |
---------------+-------------------------------------------+-----
Fighting       | 3 5 6 7 9 10 11 14 15 18 19 21 22 | 22.6
Maces & Flails | 3 5 6 7 9 10 11 14 15 18 20 21 22 | 22.5
Dodging        | 3 4 5 6 7 8 9 11 12 | 12.7
Invocations    | 3 4 5 6 7 9 11 13 14 | 14.2
Spellcasting   | 5 9 12 13 | 13.5
Throwing       | 5 8 11 12 | 12.6
Armour         | 2 6 8 |  8.4

Action                     |  1- 3 |  4- 6 |  7- 9 | 10-12 | 13-15 || total
---------------------------+-------+-------+-------+-------+-------++-------
  Melee: Flail             |    16 |    10 |       |       |       ||    26
         Mace              |       |    39 |    10 |       |       ||    49
         Dire flail        |       |       |    13 |    74 |    87 ||   174
         Giant spiked club |       |       |       |       |    15 ||    15
  Throw: Throwing net      |     3 |       |       |     1 |       ||     4
         Large rock        |       |       |       |       |     5 ||     5
 Invoke: Slouch            |       |     1 |     8 |    22 |    19 ||    50
    Use: Potion            |       |     1 |     1 |     4 |    12 ||    18
         Scroll            |       |     1 |       |     7 |     8 ||    16
   Stab: Held in net/web   |     1 |       |       |       |       ||     1
         Sleeping          |       |     1 |       |     1 |       ||     2
         Distracted        |       |       |       |       |     1 ||     1
 Armour: Robe              |     1 |    22 |    12 |       |       ||    35
         Troll leather arm |       |       |       |    13 |    26 ||    39
  Dodge: Dodged            |    12 |    21 |    24 |    66 |   111 ||   234

Table legend: (Time is in decaauts)
 A = Elapsed time spent in this place.
 B = Non-inter-level travel time spent in this place.
 C = Inter-level travel time spent in this place.
 D = Time resting spent in this place.
 E = Time spent auto-exploring this place.
 F = Levels seen in this place.
 G = Mean time per level.
                   A        B        C        D        E       F      G
               +--------+--------+--------+--------+--------+-----+--------+
         Total |   5002 |   4795 |    207 |   2316 |      0 |   1 | 5002.0 |
       Dungeon |   5002 |   4795 |    207 |   2316 |      0 |   1 | 5002.0 |
               +--------+--------+--------+--------+--------+-----+--------+

Top non-repeatable levels by time:
       D: 5002 daAuts
